RES
REDFERN RAILROADERS @ RANDWICK GREEN SOX
05/01/2022
 
TOP OF THE 1ST
Redfern Railroaders batting - Pitching for Randwick Green Sox : RHP David Forrest
Pitching: RHP David Forrest
Batting: RHB Matthew Joule 0-0: Called Strike
0-1: Called Strike
0-2: Ball
1-2: Ball
2-2: SINGLE (Line Drive, 78S, EV 90.6 MPH)
Batting: LHB Brent Cannell 0-0: Called Strike
Matthew Joule steals 2nd base
0-1: Swinging Strike
0-2: Foul Ball, location: 5F
0-2: SINGLE (Line Drive, 8LS, EV 96.3 MPH)
Matthew Joule to third
Runner from 3rd tries for Home, SAFE, throw by CF to home
Brent Cannell to second
Batting: RHB Jim Bellars 0-0: SINGLE (Groundball, 34D, EV 105.0 MPH)
Brent Cannell to third
Throwing error, E9
Brent Cannell scores
Jim Bellars to second
Batting: LHB Luke Currall 0-0: Ball
1-0: Ball
2-0: Foul Ball, location: 7LMF
2-1: SINGLE (Line Drive, 8RS, EV 97.5 MPH)
Jim Bellars to third
Batting: SHB Nick Creed 0-0: Ball
1-0: Fly out, F6 (Flyball, 6D, EV 91.3 MPH)
Batting: RHB Dewey Bairstow 0-0: Ball
1-0: Foul Ball, location: 2F
1-1: Fielders Choice at 2nd, 6-4 (Groundball, 6, EV 84.4 MPH)
Jim Bellars scores
Batting: LHB Jonathan Sherston 0-0: Ball
1-0: Called Strike
1-1: Hit by Pitch
Dewey Bairstow to second
Batting: RHB John Hockley 0-0: Ground out 6-3 (Groundball, 6M, EV 86.9 MPH)
Top of the 1st over - 3 runs, 4 hits, 1 error, 2 left on base; Redfern 3 - Randwick 0
BOTTOM OF THE 1ST
Randwick Green Sox batting - Pitching for Redfern Railroaders : RHP Darren Farrell
Pitching: RHP Darren Farrell
Batting: RHB Daly Challen 0-0: Called Strike
0-1: Swinging Strike
0-2: Ball
1-2: Ball
2-2: Foul Ball, location: 9LMF
2-2: SINGLE (Groundball, 6D, EV 106.3 MPH)
Batting: LHB Bob Gurney 0-0: Ball
1-0: Foul Ball, location: 2F
1-1: Fly out, F3 (Popup, 3SF, EV 86.9 MPH)
Batting: RHB Tony Green 0-0: Ball
1-0: Reached on error, E5 (Groundball, 56S, EV 91.9 MPH)
Daly Challen to second
Batting: RHB Bob Ghey 0-0: Called Strike
0-1: Ball
1-1: Ball
2-1: Fly out, F7 (Flyball, 78M, EV 97.5 MPH)
Batting: RHB Bill Berryman 0-0: Ball
1-0: SINGLE (Line Drive, 9S, EV 91.9 MPH)
Daly Challen to third
Tony Green to second
Runner from 3rd tries for Home, SAFE, throw by RF to home
Batting: RHB Pete Sherrell 0-0: Swinging Strike
0-1: Swinging Strike
0-2: Foul Ball, location: 25FF
0-2: Strikes out swinging
Bottom of the 1st over - 1 run, 2 hits, 1 error, 2 left on base; Redfern 3 - Randwick 1
TOP OF THE 2ND
Redfern Railroaders batting - Pitching for Randwick Green Sox : RHP David Forrest
Batting: RHB Matt Bettinson 0-0: Called Strike
0-1: Ball
1-1: Ball
2-1: Ball
3-1: Base on Balls
Batting: RHB Matthew Joule 0-0: Ball
1-0: Ball
2-0: Bunted foul
2-1: Sac Bunt to 23 - play at first, batter OUT! 3-4
Matt Bettinson to second
Batting: LHB Brent Cannell 0-0: Ball
1-0: Called Strike
1-1: Ground out 6-3 (Groundball, 6, EV 86.9 MPH)
Batting: RHB Jim Bellars 0-0: Called Strike
0-1: Foul Ball, location: 25F
0-2: 2-RUN HOME RUN (Flyball, 7D, EV 101.9 MPH), Distance : 400 ft
Batting: LHB Luke Currall 0-0: Ball
1-0: Called Strike
1-1: Ball
2-1: Ball
3-1: Base on Balls
Batting: SHB Nick Creed 0-0: Foul Ball, location: 3F
0-1: Ball
1-1: SINGLE (Line Drive, 9S, EV 100.6 MPH)
Luke Currall to second
Runner from 2nd tries for 3rd, SAFE, throw by RF made to third
Batting: RHB Dewey Bairstow 0-0: Called Strike
0-1: Swinging Strike
0-2: Ball
1-2: 3-RUN HOME RUN (Flyball, 78XD, EV 113.1 MPH), Distance : 428 ft
Batting: LHB Jonathan Sherston 0-0: Ball
1-0: Called Strike
1-1: Foul Ball, location: 7LSF
1-2: Strikes out swinging
Top of the 2nd over - 5 runs, 3 hits, 0 errors, 0 left on base; Redfern 8 - Randwick 1
BOTTOM OF THE 2ND
Randwick Green Sox batting - Pitching for Redfern Railroaders : RHP Darren Farrell
Batting: LHB Rodger Curnow 0-0: Ground out U3 (Groundball, 3, EV 102.5 MPH)
Batting: LHB Colin Firman 0-0: Called Strike
0-1: Ball
1-1: Fly out, F7 (Flyball, 7D, EV 89.4 MPH)
Batting: RHB Keefe Lucking 0-0: Called Strike
0-1: Fly out, F9 (Flyball, 9D, EV 97.5 MPH)
Bottom of the 2nd over - 0 runs, 0 hits, 0 errors, 0 left on base; Redfern 8 - Randwick 1
TOP OF THE 3RD
Redfern Railroaders batting - Pitching for Randwick Green Sox : RHP David Forrest
Batting: RHB John Hockley 0-0: Called Strike
0-1: Ball
1-1: Ball
2-1: Swinging Strike
2-2: Ball
3-2: Strikes out swinging
Pitching: RHP Luke Gault
Batting: RHB Matt Bettinson 0-0: Ball
1-0: Called Strike
1-1: Foul Ball, location: 25FF
1-2: Strikes out swinging
Batting: RHB Matthew Joule 0-0: Ball
1-0: Ball
2-0: Foul Ball, location: 9LSF
2-1: Ball
3-1: Base on Balls
Batting: LHB Brent Cannell 0-0: Ball
1-0: Ball
2-0: SINGLE (Line Drive, 6D, EV 103.1 MPH)
Matthew Joule to second
Batting: RHB Jim Bellars 0-0: Foul Ball, location: 25F
0-1: Fly out, F6 (Line Drive, 6, EV 69.4 MPH)
Top of the 3rd over - 0 runs, 1 hit, 0 errors, 2 left on base; Redfern 8 - Randwick 1
BOTTOM OF THE 3RD
Randwick Green Sox batting - Pitching for Redfern Railroaders : RHP Darren Farrell
Batting: RHB Daly Challen 0-0: Called Strike
0-1: Fly out, F3 (Line Drive, 3, EV 62.5 MPH)
Batting: LHB Bob Gurney 0-0: Called Strike
0-1: Ball
1-1: Ball
2-1: SINGLE (Line Drive, 4MD, EV 100.0 MPH)
Batting: RHB Tony Green 0-0: Ball
1-0: Called Strike
1-1: Ball
2-1: Foul Ball, location: 2F
2-2: Foul Ball, location: 3SF
2-2: Ball
3-2: Foul Ball, location: 3F
3-2: Foul Ball, location: 7LMF
3-2: Ground out 3-1 (Groundball, 34, EV 85.6 MPH)
Bob Gurney to second
Batting: RHB Bob Ghey 0-0: Ball
1-0: SINGLE (Groundball, 34D, EV 101.3 MPH)
Bob Gurney to third
Runner from 3rd tries for Home, throw by RF and OUT! 9-2
Bottom of the 3rd over - 0 runs, 2 hits, 0 errors, 1 left on base; Redfern 8 - Randwick 1
TOP OF THE 4TH
Redfern Railroaders batting - Pitching for Randwick Green Sox : RHP Luke Gault
Batting: LHB Luke Currall 0-0: Called Strike
0-1: Ball
1-1: Ball
2-1: SINGLE (Groundball, 4D, EV 101.3 MPH)
Batting: SHB Nick Creed 0-0: Ball
1-0: Ball
2-0: Fly out, F8 (Flyball, 8LD, EV 108.1 MPH)
Batting: RHB Dewey Bairstow 0-0: Fly out, F7 (Line Drive, 78M, EV 95.6 MPH)
Batting: LHB Jonathan Sherston 0-0: Ball
1-0: Ball
2-0: Ball
3-0: Base on Balls
Luke Currall to second
Batting: RHB John Hockley 0-0: Ball
1-0: Called Strike
1-1: Fly out, F7 (Line Drive, 7, EV 87.5 MPH)
Top of the 4th over - 0 runs, 1 hit, 0 errors, 2 left on base; Redfern 8 - Randwick 1
BOTTOM OF THE 4TH
Randwick Green Sox batting - Pitching for Redfern Railroaders : RHP Darren Farrell
Batting: RHB Bill Berryman 0-0: Ball
1-0: Called Strike
1-1: Swinging Strike
1-2: Ball
2-2: Strikes out swinging
Batting: RHB Pete Sherrell 0-0: Called Strike
0-1: Foul Ball, location: 2F
0-2: Ball
1-2: Foul Ball, location: 2F
1-2: Strikes out swinging
Batting: LHB Rodger Curnow 0-0: SINGLE (Line Drive, 34D, EV 100.6 MPH)
Batting: LHB Colin Firman 0-0: Called Strike
Rodger Curnow is caught stealing 2nd base 2-6
Bottom of the 4th over - 0 runs, 1 hit, 0 errors, 0 left on base; Redfern 8 - Randwick 1
TOP OF THE 5TH
Redfern Railroaders batting - Pitching for Randwick Green Sox : RHP Luke Gault
Batting: RHB Matt Bettinson 0-0: Ball
1-0: Foul Ball, location: 3FF
1-1: Ball
2-1: Ball
3-1: Base on Balls
Pitching: LHP Trev Wearne
Batting: RHB Matthew Joule 0-0: Called Strike
0-1: Fly out, F8 (Flyball, 8RS, EV 94.4 MPH)
Batting: LHB Brent Cannell 0-0: Ground out 6-3 (Groundball, 6S, EV 63.1 MPH)
Matt Bettinson to second
Batting: RHB Jim Bellars 0-0: Ball
1-0: Ground out U3 (Groundball, 34S, EV 85.0 MPH)
Top of the 5th over - 0 runs, 0 hits, 0 errors, 1 left on base; Redfern 8 - Randwick 1
BOTTOM OF THE 5TH
Randwick Green Sox batting - Pitching for Redfern Railroaders : RHP Darren Farrell
Batting: LHB Colin Firman 0-0: Ball
1-0: Ground out 4-3 (Groundball, 3D, EV 106.9 MPH)
Batting: RHB Keefe Lucking 0-0: Ball
1-0: Foul Ball, location: 5F
1-1: Foul Ball, location: 9LSF
1-2: Ball
2-2: Ball
3-2: Reached on error, E4 (Groundball, 4, EV 84.4 MPH)
Batting: RHB Daly Challen 0-0: Called Strike
0-1: Foul Ball, location: 2F
0-2: SINGLE (Groundball, 6MD, EV 108.8 MPH)
Keefe Lucking to second
Batting: LHB Bob Gurney 0-0: Swinging Strike
0-1: Swinging Strike
0-2: Strikes out swinging
Batting: RHB Tony Green 0-0: Ball
1-0: Fielders Choice at 3rd, U5 (Groundball, 5, EV 85.0 MPH)
Bottom of the 5th over - 0 runs, 1 hit, 1 error, 1 left on base; Redfern 8 - Randwick 1
TOP OF THE 6TH
Redfern Railroaders batting - Pitching for Randwick Green Sox : LHP Trev Wearne
Batting: LHB Luke Currall 0-0: Foul Ball, location: 2F
0-1: Foul Ball, location: 2F
0-2: Ground out 4-3 (Groundball, 4M, EV 84.4 MPH)
Batting: SHB Nick Creed 0-0: Ground out 5-3 (Groundball, 56, EV 98.1 MPH)
Batting: RHB Dewey Bairstow 0-0: Ball
1-0: Swinging Strike
1-1: Ball
2-1: Ball
3-1: Fly out, F9 (Flyball, 9S, EV 90.6 MPH)
Top of the 6th over - 0 runs, 0 hits, 0 errors, 0 left on base; Redfern 8 - Randwick 1
BOTTOM OF THE 6TH
Randwick Green Sox batting - Pitching for Redfern Railroaders : RHP Darren Farrell
Batting: RHB Bob Ghey 0-0: Ball
1-0: SINGLE (Groundball, 34D, EV 93.8 MPH)
Batting: RHB Bill Berryman 0-0: Foul Ball, location: 7LDF
0-1: Ball
1-1: Ball
2-1: Ball
3-1: Swinging Strike
3-2: Fielders Choice at 2nd, 3-6 (Groundball, 34S, EV 80.6 MPH)
Batting: RHB Pete Sherrell 0-0: Called Strike
0-1: Ball
1-1: Ball
2-1: Fly out, F3 (Popup, 3S, EV 69.4 MPH)
Batting: LHB Rodger Curnow 0-0: Ground out U3 (Groundball, 3L, EV 101.9 MPH)
Bottom of the 6th over - 0 runs, 1 hit, 0 errors, 1 left on base; Redfern 8 - Randwick 1
TOP OF THE 7TH
Redfern Railroaders batting - Pitching for Randwick Green Sox : LHP Trev Wearne
Pinch Hitting: SHB Rio Kennerley 0-0: Ball
1-0: Ball
2-0: Ground out 4-3 (Groundball, 4, EV 81.3 MPH)
Batting: RHB John Hockley 0-0: Foul Ball, location: 3F
0-1: SINGLE (Groundball, 6MD, EV 102.5 MPH)
Batting: RHB Matt Bettinson 0-0: Called Strike
0-1: Ball
1-1: Ball
2-1: Fly out, F8 (Flyball, 8LS, EV 94.4 MPH)
Batting: RHB Matthew Joule 0-0: Called Strike
0-1: Called Strike
0-2: Foul Ball, location: 9LSF
0-2: Foul Ball, location: 9LDF
0-2: Ball
1-2: Ground out 1-3 (Groundball, 15, EV 73.8 MPH)
Top of the 7th over - 0 runs, 1 hit, 0 errors, 1 left on base; Redfern 8 - Randwick 1
BOTTOM OF THE 7TH
Randwick Green Sox batting - Pitching for Redfern Railroaders : RHP Darren Farrell
Now in RF: Terry Nancekivell
Batting: LHB Colin Firman 0-0: Called Strike
0-1: Ground out 5-3 (Groundball, 5L, EV 85.0 MPH)
Batting: RHB Keefe Lucking 0-0: Called Strike
0-1: Foul Ball, location: 3F
0-2: Foul Ball, location: 2F
0-2: Ball
1-2: Foul Ball, location: 9LSF
1-2: Foul Ball, location: 5FF
1-2: Foul Ball, location: 9LDF
1-2: Foul Ball, location: 9LDF
1-2: Ball
2-2: Ground out 3-1 (Groundball, 34, EV 86.9 MPH)
Pitching: RHP Jamie Murray
Batting: RHB Daly Challen 0-0: Called Strike
0-1: Ball
1-1: Ball
2-1: TRIPLE (Flyball, 78XD, EV 100.6 MPH)
Batting: LHB Bob Gurney 0-0: Ball
1-0: Foul Ball, location: 2F
1-1: Called Strike
1-2: Foul Ball, location: 7LMF
1-2: Ball
2-2: DOUBLE (Line Drive, 9LM, EV 95.0 MPH)
Daly Challen scores
Batting: RHB Tony Green 0-0: Foul Ball, location: 9LDF
0-1: Called Strike
0-2: Foul Ball, location: 2F
0-2: Ball
1-2: Fly out, F4 (Popup, 34S, EV 83.1 MPH)
Bottom of the 7th over - 1 run, 2 hits, 0 errors, 1 left on base; Redfern 8 - Randwick 2
TOP OF THE 8TH
Redfern Railroaders batting - Pitching for Randwick Green Sox : LHP Trev Wearne
Batting: LHB Brent Cannell 0-0: Ball
1-0: SINGLE (Line Drive, 6M, EV 98.8 MPH)
Batting: RHB Jim Bellars 0-0: Ball
1-0: Called Strike
1-1: SINGLE (Line Drive, 34D, EV 102.5 MPH)
Brent Cannell to second
Batting: LHB Luke Currall 0-0: Ball
1-0: Ball
2-0: Ball
3-0: Called Strike
3-1: Grounds into double play, 5-4-3 (Groundball, 5, EV 90.0 MPH)
Brent Cannell to third
Batting: SHB Nick Creed 0-0: Called Strike
0-1: 2-RUN HOME RUN (Flyball, 78XD, EV 113.8 MPH), Distance : 446 ft
Batting: RHB Dewey Bairstow 0-0: Ball
1-0: Ball
2-0: Ball
3-0: Called Strike
3-1: Foul Ball, location: 9LDF
3-2: Strikes out looking
Top of the 8th over - 2 runs, 3 hits, 0 errors, 0 left on base; Redfern 10 - Randwick 2
BOTTOM OF THE 8TH
Randwick Green Sox batting - Pitching for Redfern Railroaders : RHP Jamie Murray
Batting: RHB Bob Ghey 0-0: Fly out, F3 (Popup, 3SF, EV 80.0 MPH)
Batting: RHB Bill Berryman 0-0: Hit by Pitch
Batting: RHB Pete Sherrell 0-0: Ball
1-0: Swinging Strike
1-1: Ball
2-1: Called Strike
2-2: Grounds into double play, 5-4-3 (Groundball, 56, EV 77.5 MPH)
Bottom of the 8th over - 0 runs, 0 hits, 0 errors, 0 left on base; Redfern 10 - Randwick 2
TOP OF THE 9TH
Redfern Railroaders batting - Pitching for Randwick Green Sox : LHP Trev Wearne
Pinch Hitting: RHB Trace Clifford 0-0: Foul Ball, location: 3F
0-1: Ball
1-1: Called Strike
1-2: Ground out 4-3 (Groundball, 4, EV 99.4 MPH)
Batting: RHB John Hockley 0-0: Foul Ball, location: 9LDF
0-1: Ball
1-1: Ball
2-1: Called Strike
2-2: Fly out, F3 (Line Drive, 3L, EV 68.1 MPH)
Pinch Hitting: LHB D.J. Renouf 0-0: Called Strike
0-1: Ball
1-1: Called Strike
1-2: Strikes out swinging
Top of the 9th over - 0 runs, 0 hits, 0 errors, 0 left on base; Redfern 10 - Randwick 2
BOTTOM OF THE 9TH
Randwick Green Sox batting - Pitching for Redfern Railroaders : RHP Jamie Murray
Now at C: Ben Brideson
Now in RF: Jarrad Honeysett
Pinch Hitting: RHB Derik Fahey 0-0: Ball
1-0: SOLO HOME RUN (Flyball, 89XD, EV 99.4 MPH), Distance : 418 ft
Batting: LHB Colin Firman 0-0: Ball
1-0: Called Strike
1-1: Called Strike
1-2: Ground out 6-3 (Groundball, 6, EV 83.1 MPH)
Pinch Hitting: LHB Tony Tassell 0-0: Foul Ball, location: 7LDF
0-1: Ball
1-1: DOUBLE (Flyball, 78D, EV 112.5 MPH)
Batting: RHB Daly Challen 0-0: Foul Ball, location: 25FF
0-1: Ball
1-1: TRIPLE (Flyball, 9D, EV 98.1 MPH)
Tony Tassell scores
Pitching: RHP Caiden French
Batting: LHB Bob Gurney 0-0: Ball
1-0: SINGLE (Line Drive, 4MD, EV 62.5 MPH)
Daly Challen scores
Batting: RHB Tony Green Balk!
Bob Gurney to second
0-0: Foul Ball, location: 3SF
0-1: Swinging Strike
0-2: Foul Ball, location: 9LMF
0-2: DOUBLE (Line Drive, 78D, EV 106.3 MPH)
Bob Gurney scores
Batting: RHB Bob Ghey 0-0: Ball
1-0: SINGLE (Line Drive, 4MD, EV 101.3 MPH)
Tony Green to third
Pitching: RHP Curt Lynch
Batting: RHB Bill Berryman 0-0: Ball
1-0: Called Strike
1-1: Grounds into double play, 4-6-3 (Groundball, 4, EV 92.5 MPH)
Bottom of the 9th over - 4 runs, 6 hits, 0 errors, 1 left on base; Redfern 10 - Randwick 6
Saturday, April 27th , 2024 - OOTP Baseball 24.9 Build 80